 Dungeon Crawl Stone Soup version 0.29.1-12-g30fa7ad0bf (webtiles) character file.

Game seed: 7397081429640680948

14839 hawla the Thaumaturge (level 12, 0/97 HPs)
             Began as a Meteoran Fire Elementalist on Jan 13, 2023.
             Was a Priest of Vehumet.
             Succumbed to Aizul's bolt of poison
             ... on level 2 of the Shoals.
             The game lasted 00:36:27 (5748 turns).

hawla the Thaumaturge (Meteoran Fire Elementalist)  Turns: 5748, Time: 00:36:27

Health: 0/97       AC:  4    Str: 18    XL:     12   Next: 85%
Magic:  19/29      EV: 13    Int: 25    God:    Vehumet [***...]
Gold:   173        SH:  0    Dex: 13    Spells: 7/35 levels left

rFire   + . .      SeeInvis .   e - +0 staff of Battle
rCold   . . .      Faith    .   (no shield)
rNeg    + . .      Spirit   .   t - +1 robe
rPois   +          Reflect  .   (no helmet)
rElec   .          Harm     .   (no cloak)
rCorr   .          Rampage  .   (no gloves)
Will    +....                   c - +0 pair of boots
Stlth   +.........              F - amulet of regeneration
HPRegen 1.06/turn               f - ring of wizardry
MPRegen 0.21/turn               p - ring of Wacunetob {rF+ rN+ Str+5 Slay-3 Stlth-}

@: lethally poisoned (0 -> -5), glowing, studying Polearms
A: sense surroundings 2, otherworldly, glowing, explore regen, clever 1, poison
resistance, robust 1, strong 1, MP-powered wands
a: Renounce Religion


You were on level 2 of the Shoals.
You worshipped Vehumet.
Vehumet was most pleased with you.
You visited 4 branches of the dungeon, and saw 14 of its levels.
You also visited: Sewer and Ossuary.

You collected 533 gold pieces.
You spent 360 gold pieces at shops.

Inventory:

Hand Weapons
 e - the +0 staff of Battle (weapon)
   (You acquired it on level 2 of the Dungeon)

   It enhances your conjuration magic.
   It summons a battlesphere in combat, with strength depending on Conjurations
   skill.
   Its strikes trigger the battlesphere's blasts.
 g - a +5 scythe of venom
Armour
 c - a +0 pair of boots (worn)
 o - a +0 cloak
 t - a +1 robe (worn)
Magical Staves
 y - a staff of cold
Jewellery
 f - a ring of wizardry (left hand)
 p - the ring of Wacunetob (right hand) {rF+ rN+ Str+5 Slay-3 Stlth-}
   (You found it on level 1 of the Shoals)

   [ring of protection from fire]

   Str:       It affects your strength (+5).
   Slay:      It affects your accuracy & damage with ranged weapons and melee
   (-3).
   rF:        It protects you from fire.
   rN:        It protects you from negative energy.
   Stlth:     It makes you less stealthy.
 v - a ring of fire
 z - a ring of fire
 F - an amulet of regeneration (around neck)
 J - a ring of resist corrosion
Wands
 d - a wand of flame (24) (quivered)
 l - a wand of iceblast (4)
Scrolls
 a - a scroll of summoning
 j - 4 scrolls of enchant weapon
 k - 2 scrolls of amnesia
 q - 7 scrolls of teleportation
 r - 2 scrolls of enchant armour
 w - a scroll of butterflies {unknown}
 H - 2 scrolls of blinking {unknown}
 I - a scroll of identify
Potions
 b - a potion of magic
 h - 2 potions of ambrosia
 i - 2 potions of attraction {unknown}
 m - 2 potions of degeneration {unknown}
 n - a potion of cancellation {unknown}
 s - 6 potions of might {unknown}
 u - 3 potions of resistance {unknown}
 x - 2 potions of flight {unknown}
 A - 3 potions of curing {unknown}
 B - 5 potions of heal wounds {unknown}
 C - a potion of brilliance {unknown}
 E - 2 potions of berserk rage {unknown}
Miscellaneous
 D - a lightning rod (4/4)


   Skills:
 - Level 3.4 Fighting
 - Level 6.1(6.5) Polearms
 - Level 3.2(5.1) Staves
 - Level 4.4 Dodging
 - Level 1.4 Stealth
 - Level 12.3 Spellcasting
 - Level 6.0 Conjurations
 - Level 8.2 Translocations
 - Level 11.3 Fire Magic
 + Level 9.0 Ice Magic
 - Level 3.4 Air Magic
 - Level 3.0 Evocations


You had 7 spell levels left.
You knew the following spells:

 Your Spells              Type           Power      Damage    Failure   Level
a - Magic Dart            Conj           100%       1d8       1%          1
b - Scorch                Fire           100%       2d10      1%          2
c - Flame Wave            Conj/Fire      73%        2d16      1%          4
d - Vampiric Draining     Necr           15%        2d7       4%          3
e - Dispersal             Tloc           27%        N/A       9%          6
f - Airstrike             Air            16%        2d(3-19)  1%          4
g - Ozocubu's Refrigerat  Ice            28%        4d13      10%         7
h - Foxfire               Conj/Fire      100%       2x1d9     1%          1

Your spell library contained the following spells:

 Spells                   Type           Power      Damage    Failure   Level
 Dazzling Flash           Conj/Hex       90%        N/A       1%          3
 Necrotise                Necr           60%        1d7       1%          1
 Shock                    Conj/Air       100%       1d9       1%          1
 Ensorcelled Hibernation  Hex/Ice        74%        N/A       1%          2
 Conjure Flame            Conj/Fire      73%        6-21      1%          3
 Gell's Gravitas          Tloc           54%        N/A       1%          3
 Inner Flame              Hex/Fire       43%        N/A       1%          3
 Mephitic Cloud           Conj/Pois/Air  46%        N/A       1%          3
 Ozocubu's Armour         Ice            57%        N/A       1%          3
 Swiftness                Air            32%        N/A       1%          3
 Teleport Other           Tloc           54%        N/A       1%          3
 Call Imp                 Summ           15%        N/A       2%          2
 Passwall                 Tmut/Erth      12%        N/A       2%          2
 Spider Form              Tmut/Pois      15%        N/A       4%          3
 Anguish                  Hex/Necr       7%         N/A       16%         4
 Agony                    Necr           15%        N/A       38%         5
 Enfeeble                 Hex            7%         N/A       100%        7


Dungeon Overview and Level Annotations

Branches:
Dungeon (9/15) Zot: 1228   Temple (1/1) D:4 Zot: 398    Lair (2/5) D:9 Zot: 708
 Shoals (2/4) Lair:2 Zot: 954   Snake (0/4) Lair:2        Sewer (visited)
Ossuary (visited)
    Orc: D:9-12

Altars:
Ashenzari
Cheibriados
Dithmenos
Elyvilon
Fedhas
Gozag
Hepliaklqana
Kikubaaqudgha
Makhleb
Nemelex Xobeh
Okawaru
Qazlal
Ru
Sif Muna
Trog
Uskayaw
Vehumet
Wu Jian
Xom
Yredelemnul
Zin
The Shining One

Shops:
D:5 *   D:8 (

Annotations:
Shoals:2 Aizul


Innate Abilities, Weirdness & Mutations

You passively map the area around you.
You are easily found by Zot.
You glow in the dark.
You regain HP and MP as you explore.
Your mind is acute. (Int +4, Str/Dex -1)
Your system is resistant to poisons. (rPois)
You are robust. (+10% HP)
Your muscles are strong. (Str +4, Int/Dex -1)
You expend magic power (3 MP) to strengthen your wands.


Message History

The bolt of poison hits your battlesphere.
Your battlesphere completely resists.
The bolt of poison hits you! You resist.
A wave of flame ripples out!
The flame wave engulfs the snapping turtle but does no damage.
The snapping turtle is almost dead.
The flame wave engulfs Aizul!
Aizul is moderately wounded.
You finish channelling waves of flame.
Your battlesphere fires!
The barrage of energy hits Aizul.
Aizul is moderately wounded.
Aizul casts a spell at you. The bolt of poison hits you. You resist.
The snapping turtle bites you from afar!!
Unknown command.
Casting: Flame Wave (safe; 1% risk of failure)
Confirm with . or Enter, or press ? or * to list all spells.
Flames lash the snapping turtle but do no damage.
Aizul is engulfed in a cloud of scalding steam.
The snapping turtle barely misses you.
Aizul is engulfed in a cloud of scalding steam.
Aizul coils herself and waves her upper body at you.
The bolt of poison hits you!
You are poisoned.
You resist.
As you read the scroll of fear, it crumbles to dust.
You assume a fearsome visage.
Aizul resists with almost no effort.
The snapping turtle easily resists.
The water elemental is unaffected.
You feel very sick.
Aizul is engulfed in a cloud of scalding steam.
Aizul misses you.
The water elemental is engulfed in a cloud of scalding steam.
The snapping turtle bites you from afar!!
* * * LOW HITPOINT WARNING * * *
Unknown command.
Okay, then.
As you read the scroll of summoning, it crumbles to dust.
Wisps of shadow whirl around you...
You die...

,, , ~~ ~ ~ ,
* .~~~~~..#
..., ,
~~~~~E.###...
~ ,
~~§.§.~~>~~~~
,
~..~§§§~~~~~
~ * ~ * ,,
,*§~§§~~~~~ ~
,, , *
#.EH§§§~~~ ~
* *
#§.S~~~c~~ ~~
, #m@§t~)~~~
, #.§~c~~~~~
~
*#.cc§§~~~~~
* ~,
*..~§§§~~~~ ,
##..§§§.~~.,,
* ~
##..##.... **
~ ~ * ,
#.##*#### * ~
,, , * , ..#
** , * , ~ ~


You could see Aizul (ally target), a snapping turtle (ally target), a water
elemental (ally target), a friendly merfolk avatar (summoned), a friendly
centaur warrior (summoned), 3 friendly fauns, a friendly manticore (summoned)
and a friendly battlesphere.

Vanquished Creatures
  A hydra (Lair:1)
  A merfolk aquamancer (Shoals:1)
  A merfolk avatar (Shoals:1)
  A sea snake (Shoals:1)
  2 harpies (Shoals:1)
  A manticore (Shoals:1)
  A water nymph (Shoals:1)
  A merfolk siren (Shoals:2)
  3 komodo dragons
  3 merfolk (Shoals:1)
  A troll (D:9)
  3 wind drakes (Shoals:1)
  5 snapping turtles
  Sigmund (D:5)
  2 water elementals (Shoals:1)
  13 yaks
  Eustachio (D:6)
  A basilisk (Lair:2)
  3 water moccasins
  3 ice beasts
  2 orc warriors
  A black bear (D:5)
  2 sky beasts
  An ogre (D:4)
  10 wolves (Lair:1)
  3 centaurs
  2 phantoms
  3 bullfrogs (D:8)
  5 kobold brigands
  2 necrophages (D:6)
  An elf zombie (Ossuary)
  4 scorpions
  10 wights
  7 howler monkeys
  An electric eel (Lair:2)
  A centaur zombie (Ossuary)
  A hound (D:5)
  A jelly (D:4)
  4 orc priests
  Ijyb (D:3)
  An iguana (D:5)
  8 orc wizards
  4 hound zombies (Ossuary)
  3 mummies (Ossuary)
  7 gnolls
  10 adders
  2 river rats (D:5)
  6 adder zombies (Ossuary)
  5 worms
  2 dart slugs
  18 orcs
  11 ball pythons
  8 endoplasms
  A giant cockroach (D:4)
  3 gnoll zombies (Ossuary)
  4 hobgoblins
  8 jackals
  11 kobolds
  2 quokkas
  A frilled lizard (D:1)
  A goblin zombie (Ossuary)
  4 hobgoblin zombies (Ossuary)
  5 jackal zombies (Ossuary)
  3 kobold zombies (Ossuary)
  2 quokka zombies (Ossuary)
  11 rats
  3 rat zombies (Ossuary)
254 creatures vanquished.

Vanquished Creatures (others)
  194 foxfires
  A fungus (Lair:1)
  21 plants
216 creatures vanquished.

Grand Total: 470 creatures vanquished

Notes
Turn   | Place    | Note
-------+----------+-------------------------------------------
     0 | D:1      | hawla the Meteoran Fire Elementalist began the quest for
                  | the Orb.
     0 | D:1      | Reached XP level 1. HP: 14/14 MP: 5/5
    79 | D:1      | Reached XP level 2. HP: 20/20 MP: 3/6
   242 | D:1      | Reached skill level 3 in Spellcasting
   242 | D:1      | Reached XP level 3. HP: 26/26 MP: 3/8
   245 | D:1      | Learned a level 2 spell: Scorch
   285 | D:2      | Identified a scroll of acquirement
   285 | D:2      | Acquired the +0 staff of Battle
   285 | D:2      | Found the +0 staff of Battle
   600 | D:3      | Noticed Ijyb
   603 | D:3      | Reached skill level 5 in Fire Magic
   603 | D:3      | Reached XP level 4. HP: 25/33 MP: 7/10
   606 | D:3      | Gained mutation: Your system is resistant to poisons.
                  | (rPois) [potion of mutation]
   606 | D:3      | Gained mutation: You have hidden genetic potential. [potion
                  | of mutation]
   606 | D:3      | Gained mutation: You are robust. (+10% HP) [potion of
                  | mutation]
   606 | D:3      | Gained mutation: Your muscles are strong. (Str +4, Int/Dex
                  | -1) [potion of mutation]
   608 | D:3      | Killed Ijyb
   609 | D:3      | Reached XP level 5. HP: 8/41 MP: 2/11
   649 | D:4      | Reached skill level 1 in Evocations
   701 | D:4      | Noticed an ogre
   707 | D:4      | Killed an ogre
   708 | D:4      | Reached XP level 6. HP: 49/49 MP: 8/12
   729 | D:4      | Gained mutation: Your mind is acute. (Int +4, Str/Dex -1)
                  | [hidden potential]
   743 | D:4      | Reached skill level 4 in Spellcasting
   778 | D:4      | Learned a level 4 spell: Flame Wave
   782 | D:4      | Learned a level 3 spell: Vampiric Draining
   804 | D:4      | Found a sand-covered staircase.
   831 | Ossuary  | Entered an ossuary
   843 | Ossuary  | Reached XP level 7. HP: 52/55 MP: 8/14
   882 | Ossuary  | Gained mutation: You expend magic power (3 MP) to
                  | strengthen your wands. [hidden potential]
   882 | Ossuary  | Lost mutation: You have hidden genetic potential. [hidden
                  | potential expressed]
   953 | Ossuary  | Reached skill level 1 in Staves
  1046 | Ossuary  | Reached skill level 5 in Spellcasting
  1105 | D:4      | Reached skill level 1 in Fighting
  1121 | D:4      | Found a sacrificial altar of Ru.
  1122 | D:4      | Found a glowing golden altar of the Shining One.
  1146 | D:4      | Found a staircase to the Ecumenical Temple.
  1176 | Temple   | Entered the Ecumenical Temple
  1429 | D:4      | Reached XP level 8. HP: 64/64 MP: 12/17
  1623 | D:4      | Found a stormy altar of Qazlal.
  1625 | D:4      | Found a snail-covered altar of Cheibriados.
  1678 | D:5      | Entered Level 5 of the Dungeon
  1678 | D:5      | Noticed Sigmund
  1682 | D:5      | Killed Sigmund
  1736 | D:5      | Reached skill level 6 in Spellcasting
  1858 | D:5      | Found a glowing drain.
  1867 | Sewer    | Entered a sewer
  2054 | Sewer    | Gained mutation: You passively map the area around you.
                  | [Meteoran growth]
  2054 | Sewer    | Reached XP level 9. HP: 69/73 MP: 11/20
  2244 | Sewer    | Reached skill level 7 in Spellcasting
  2250 | Sewer    | Glimpsed the power of Zot.
  2288 | Sewer    | Glimpsed the power of Zot.
  2457 | D:5      | Reached skill level 8 in Spellcasting
  2535 | D:5      | Found Nobbola's Elemental Accessories.
  2924 | D:6      | Reached skill level 9 in Spellcasting
  3033 | D:6      | Found an ancient bone altar of Kikubaaqudgha.
  3036 | D:6      | Found a radiant altar of Vehumet.
  3037 | D:6      | Found a shimmering blue altar of Sif Muna.
  3053 | D:6      | Became a worshipper of Vehumet
  3162 | D:8      | Reached XP level 10. HP: 82/82 MP: 16/24
  3183 | D:8      | Reached skill level 10 in Spellcasting
  3187 | D:8      | Reached skill level 10 in Fire Magic
  3243 | D:8      | Found an opulent altar of Gozag.
  3441 | D:8      | Reached skill level 11 in Spellcasting
  3495 | D:8      | Reached * piety under Vehumet
  3495 | D:8      | Offered knowledge of Shock by Vehumet.
  3496 | D:8      | Reached skill level 5 in Conjurations
  3688 | D:8      | Learned a level 1 spell: Shock
  3695 | D:8      | Learned a level 6 spell: Dispersal
  3822 | D:8      | Found Cakhucw's Weapon Emporium.
  4023 | D:5      | Bought a lightning rod (4/4) for 360 gold pieces
  4047 | D:6      | Reached skill level 1 in Translocations
  4055 | D:6      | Noticed Eustachio
  4062 | D:6      | Killed Eustachio
  4233 | D:6      | Found a glowing silver altar of Zin.
  4477 | D:9      | Reached skill level 5 in Translocations
  4477 | D:9      | Reached XP level 11. HP: 85/90 MP: 16/27
  4508 | D:9      | Found a broken altar of Ashenzari.
  4569 | D:9      | Offered knowledge of Magic Dart by Vehumet.
  4621 | D:9      | Found a staircase to the Lair.
  4636 | Lair:1   | Entered Level 1 of the Lair of Beasts
  4640 | Lair:1   | Learned a level 1 spell: Magic Dart
  4670 | Lair:1   | Reached ** piety under Vehumet
  4718 | Lair:1   | Noticed a four-headed hydra
  4725 | Lair:1   | Killed a four-headed hydra
  4726 | Lair:1   | Reached skill level 12 in Spellcasting
  4752 | Lair:2   | Found a staircase to the Snake Pit.
  4819 | Lair:2   | Learned a level 4 spell: Airstrike
  4843 | Lair:2   | Reached skill level 1 in Air Magic
  4857 | Lair:2   | Learned a level 7 spell: Ozocubu's Refrigeration
  4897 | Lair:2   | Found a staircase to the Shoals.
  4909 | Lair:2   | Reached skill level 1 in Ice Magic
  5428 | Lair:2   | Reached skill level 1 in Polearms
  5508 | Shoals:1 | Entered Level 1 of the Shoals
  5508 | Shoals:1 | Noticed a merfolk avatar
  5514 | Shoals:1 | Killed a merfolk avatar
  5515 | Shoals:1 | Reached XP level 12. HP: 95/97 MP: 20/29
  5527 | Shoals:1 | Noticed a sea snake
  5529 | Shoals:1 | Killed a sea snake
  5530 | Shoals:1 | Reached skill level 5 in Polearms
  5545 | Shoals:1 | Offered knowledge of Dazzling Flash by Vehumet.
  5566 | Shoals:1 | Noticed a harpy
  5566 | Shoals:1 | Noticed a harpy
  5569 | Shoals:1 | Killed a harpy
  5579 | Shoals:1 | Reached skill level 5 in Ice Magic
  5579 | Shoals:1 | Identified the ring of Wacunetob {rF+ rN+ Str+5 Slay-3
                  | Stlth-}
  5609 | Shoals:1 | Killed a harpy
  5659 | Shoals:1 | Noticed a merfolk aquamancer
  5668 | Shoals:1 | Killed a merfolk aquamancer
  5731 | Shoals:1 | Reached *** piety under Vehumet
  5734 | Shoals:1 | Learned a level 1 spell: Foxfire
  5739 | Shoals:2 | Noticed Aizul
  5747 | Shoals:2 | HP: 2/97 [snapping turtle (26)]
  5748 | Shoals:2 | Succumbed to Aizul's bolt of poison

Illustrated notes

Levels and vault maps discovered:
D:1:      lemuel_arrival_tunnels, layout_basic,
          shapermc_ecumenical_altar_notcrosses
D:2:      layout_loops_ring
D:3:      layout_basic, st_stairs_3, uniq_robin, uniq_ijyb
D:4:      layout_cave_pools, nicolae_overflow_hidden_temple,
          minmay_temple_entry_drinking_statues, nicolae_ossuary_entry_monument,
          minmay_manual_mess
D:5:      layout_rooms, lightli_sewer_entry_pipes, grunt_decor_cap,
          nicolae_elemental_shop, grunt_decor_clamped, uniq_sigmund
D:6:      layout_loops_ring, grunt_temple_overflow_magic_moments, zin_statuary,
          minmay_manual_moon, uniq_eustachio
D:7:      layout_loops_corners
D:8:      layout_loops_cross, grunt_gozag_breadcrumbs, serial_shops,
          kennysheep_mini_moat
D:9:      kennysheep_seaside_town, layout_rooms, lemuel_crystal_altar,
          david_lair_shrubbed, item_on_display_a, uniq_maggie
Temple:   nicolae_temple_bog_church
Lair:1:   layout_hall_layers, st_stairs_3, chequers_serial_rivers_marsh
Lair:2:   layout_roguey, minmay_shoals_entry_hut, dummy_snake_entry
Shoals:1: layout_shoals
Shoals:2: layout_shoals, uniq_aizul

Skill      XL: |  1  2  3  4  5  6  7  8  9 10 11 12 |
---------------+-------------------------------------+-----
Fire Magic     | 4 5 6 7 9 10 11 | 11.3
Spellcasting   | 3 4 5 6 9 11 12 | 12.3
Evocations     | 3 |  3.0
Conjurations   | 2 3 4 5 6 |  6.0
Dodging        | 3 4 |  4.4
Staves         | 1 2 3 |  3.2
Fighting       | 1 2 3 |  3.4
Translocations | 5 8 |  8.2
Air Magic      | 3 |  3.4
Ice Magic      | 2 9 |  9.0
Polearms       | 3 6 |  6.1
Stealth        | |  1.4

Action                   |  1- 3 |  4- 6 |  7- 9 | 10-12 || total
-------------------------+-------+-------+-------+-------++-------
Melee: Unarmed           |     1 |       |       |       ||     1
       Staff             |     2 |     1 |    53 |    24 ||    80
       Punch             |       |       |     2 |       ||     2
 Cast: Foxfire           |    21 |    26 |    69 |    21 ||   137
       Scorch            |     1 |     2 |    54 |    30 ||    87
       Flame Wave        |       |     1 |    11 |    35 ||    47
       Shock             |       |       |       |    41 ||    41
       Magic Dart        |       |       |       |    79 ||    79
       Airstrike         |       |       |       |     4 ||     4
  Use: Scroll            |     1 |     2 |     6 |     5 ||    14
       Potion            |       |     1 |       |       ||     1
Armor: Robe              |       |     1 |    37 |    18 ||    56
Dodge: Dodged            |     1 |     2 |    81 |    33 ||   117
